AoeStats
← [LCDR] Alone

Arena

510178005Analyzed
4v4 RM · 3d ago on Sep 29, 2026· 42m 33s· 8 players
Game mode
Random Map
Map size
Large (8 player)
Population
200
Speed
Normal
Resources
Standard
Victory
Conquest
Starting age
Dark Age
Ending age
Imperial Age
RankedLock teamsTeams togetherTeam positionsShared explorationLock speedFull tech treeHidden civsTurbo modeCheats
Victory
Defeat
🇦🇺 Saxons · Australia
1888
+8
🇫🇷 Gurjaras · France
1782
+11
🇧🇷 Celts · Brazil
1656
+16
🇦🇷 Spanish · Argentina
1527
+21
🇦🇹 Cumans · Austria
1742
-17
🇩🇪 Mongols · Germany
1727
-16
🇺🇸 Saxons · United States
1619
-12
🇩🇪 Ethiopians · Germany
1586
-11
Djo
10:29 Feudal Age
14:06 Castle Age
12:03 Double-Bit Axe
12:33 Horse Collar
14:06 Scale Barding Armor
16:25 Bloodlines
23:17 Bow Saw
26:09 Heavy Plow
27:17 Wheelbarrow
28:38 Gold Mining
32:35 Imperial Age
30:41 Husbandry
31:32 Kshatriyas
32:14 Chain Barding Armor
32:06 Forging
32:43 Elite Shrivamsha Rider
34:21 Plate Barding Armor
34:34 Conscription
35:04 Hand Cart
34:35 Loom
34:36 Town Watch
35:49 Iron Casting
36:53 Gold Shaft Mining
36:09 Stone Mining
35:58 Heavy Camel Rider
37:19 Fletching
37:51 Ballistics
38:32 Chemistry
38:17 Light Cavalry
42:14 Frontier Guards
42:16 Bodkin Arrow
[LCDR] Alone
10:09 Feudal Age
13:48 Castle Age
14:31 Double-Bit Axe
14:27 Horse Collar
18:24 Loom
24:55 Castle Age
26:02 Bow Saw
25:53 Heavy Plow
29:22 Wheelbarrow
30:16 Gold Mining
40:35 Imperial Age
39:24 Gold Shaft Mining
41:31 Ballistics
40:42 Heavy Scorpion
42:50 Chemistry
42:33 Siege Engineers
42:04 Capped Ram
Chauchh
10:17 Feudal Age
9:31 Loom
11:16 Double-Bit Axe
12:23 Fletching
20:46 Castle Age
22:06 Wheelbarrow
21:30 Bodkin Arrow
22:47 Horse Collar
25:48 Bow Saw
26:23 Heavy Plow
28:57 Padded Archer Armor
31:26 Gold Mining
34:53 Stone Mining
38:21 Imperial Age
37:04 Hand Cart
36:35 Town Watch
38:36 Leather Archer Armor
38:58 Stone Shaft Mining
38:45 Bloodlines
38:36 Husbandry
39:26 Conscription
39:09 Bracer
39:57 Ring Archer Armor
40:03 Ballistics
39:56 Masonry
41:53 Hoardings
41:10 Elite Conquistador
42:31 Architecture
43:28 Chemistry
0653599
10:02 Feudal Age
10:38 Double-Bit Axe
13:42 Castle Age
13:23 Horse Collar
14:47 Bow Saw
20:51 Scale Mail Armor
23:55 Wheelbarrow
27:28 Hand Cart
27:38 Loom
28:50 Gold Mining
32:25 Imperial Age
29:54 Fletching
30:32 Bodkin Arrow
30:05 Crossbowman
31:29 Thumb Ring
31:52 Padded Archer Armor
32:18 Ballistics
32:43 Arbalester
34:35 Chemistry
34:17 Bracer
35:06 Gold Shaft Mining
35:18 Leather Archer Armor
36:34 Chain Mail Armor
37:02 Ring Archer Armor
37:13 Chain Mail Armor
36:19 Pikeman
36:59 Squires
37:09 Stone Mining
36:59 Halberdier
37:24 Arson
37:05 Elite Varangian Guard
37:27 Capped Ram
39:42 Plate Mail Armor
40:14 Forging
40:34 Conscription
42:33 Iron Casting
Xololo
5:45 Loom
8:33 Feudal Age
8:59 Town Watch
11:47 Horse Collar
12:13 Fletching
19:59 Horse Collar
23:37 Wheelbarrow
27:33 Castle Age
27:03 Double-Bit Axe
27:23 Gold Mining
28:13 Bodkin Arrow
29:15 Bow Saw
30:07 Heavy Plow
32:25 Sanctity
33:27 Ballistics
37:23 Imperial Age
37:47 Squires
37:52 Scale Mail Armor
39:59 Chain Mail Armor
39:56 Forging
41:06 Chemistry
40:02 Elite Skirmisher
42:12 Bracer
42:23 Padded Archer Armor
43:37 Two-Man Saw
MacesB
8:29 Feudal Age
8:57 Double-Bit Axe
9:11 Loom
16:29 Horse Collar
21:23 Wheelbarrow
24:35 Castle Age
22:58 Gold Mining
24:01 Town Watch
24:47 Fletching
25:43 Scale Barding Armor
28:53 Hand Cart
29:39 Bloodlines
30:01 Heavy Plow
30:43 Chain Barding Armor
30:35 Bow Saw
31:51 Town Patrol
33:49 Forging
35:08 Gold Shaft Mining
37:52 Imperial Age
38:04 Iron Casting
39:26 Plate Barding Armor
38:18 Cavalier
38:33 Light Cavalry
41:05 Two-Man Saw
40:38 Crop Rotation
40:51 Pikeman
Obuk
7:48 Feudal Age
8:43 Double-Bit Axe
9:57 Loom
12:34 Bloodlines
16:26 Wheelbarrow
16:54 Horse Collar
22:10 Castle Age
20:45 Forging
20:57 Scale Barding Armor
23:37 Bow Saw
23:46 Heavy Plow
24:07 Bow Saw
27:01 Hand Cart
29:34 Gold Mining
30:18 Stone Mining
31:07 Gold Shaft Mining
31:56 Town Watch
32:49 Stone Shaft Mining
33:01 Husbandry
35:44 Imperial Age
33:30 Fletching
33:51 Padded Archer Armor
34:13 Ballistics
35:27 Bodkin Arrow
35:55 Leather Archer Armor
35:47 Thumb Ring
35:48 Elite Mangudai
37:02 Conscription
37:18 Bracer
38:36 Parthian Tactics
39:31 Chemistry
number5
8:30 Feudal Age
9:26 Double-Bit Axe
10:54 Loom
11:51 Fletching
16:46 Horse Collar
21:49 Castle Age
26:52 Imperial Age
24:48 Gold Mining
25:59 Bodkin Arrow
25:25 Crossbowman
27:09 Ballistics
27:41 Bow Saw
28:39 Chemistry
28:29 Bracer
29:22 Padded Archer Armor
31:07 Arbalester
34:33 Leather Archer Armor
34:57 Wheelbarrow
37:45 Fortified Wall
38:35 Elite Skirmisher
39:47 Ring Archer Armor
Connection lost

Rejoining the realm…

Still unreachable

The connection could not be restored.

Session expired

The server has moved on; the page needs a fresh start.